 Dungeon Crawl Stone Soup version 0.32-a0-290-g598725c5f2 (webtiles) character file.

Game seed: 10162560037812251719

189 Dirtsage the Changeling (level 5, -1/35 HPs)
             Began as an Octopode Shapeshifter on Feb 13, 2024.
             Slain by Jessica
             ... wielding a +0 dagger
              (5 damage)
             ... while paralysed by Grinder
             ... on level 3 of the Dungeon.
             The game lasted 00:03:59 (1929 turns).

Dirtsage the Changeling (Octopode Shapeshifter)     Turns: 1929, Time: 00:04:00

Health: -1/35      AC:  1    Str: 13    XL:     5   Next: 68%
Magic:  5/5        EV:  2    Int: 13    God:
Gold:   97         SH:  0    Dex: 13    Spells: 4/4 levels left

rFire   . .          .
                       - Unarmed
rCold   . . .        (no shield)
rNeg    . . .        (helmet currently unavailable)
rPois   .            i - amulet of regeneration
rElec   .            (no ring)
rCorr   .            (no ring)
SInv    .            (no ring)
Will    .....        (no ring)
Stlth   +++          (no ring)
HPRegen 1.05/turn    (no ring)
MPRegen 0.09/turn    (no ring)
                     (no ring)

%: no passive effects
@: paralysed, beast-form
A: beast (slay +2), almost no armour, amphibious, 8 rings, camouflage 1,
gelatinous body 1, nimble swimmer 1, tentacles
a: Begin Untransformation


You were on level 3 of the Dungeon.
You were a hulking beast.
You visited 1 branch of the dungeon, and saw 3 of its levels.

You collected 97 gold pieces.

Inventory:

Jewellery
 i - an amulet of regeneration (around mantle)
Talismans
 b - a beast talisman (active)
 c - a flux talisman
Wands
 o - a wand of flame (16)
Scrolls
 d - 4 scrolls of fear {unknown}
 g - 2 scrolls of blinking {unknown}
 h - 3 scrolls of identify {unknown}
 j - a scroll of noise {unknown}
 k - a scroll of teleportation {unknown}
 l - a scroll of immolation {unknown}
Potions
 a - a potion of lignification
 e - a potion of brilliance {unknown}
 f - 2 potions of heal wounds {unknown}
 m - a potion of might {unknown}
 n - a potion of magic {unknown}
 p - a potion of invisibility {unknown}


   Skills:
 + Level 2.4 Fighting
 + Level 3.1 Dodging
 + Level 3.8 Unarmed Combat
 * Level 4.2 Shapeshifting


You had 4 spell levels left.
You didn't know any spells.
Your spell library contained the following spells:

 Spells                   Type           Power      Damage    Failure   Level
 Sting                    Conj/Alch      0%         1d3       30%         1
 Mercury Vapours          Alch/Air       0%         N/A       43%         2
 Fugue of the Fallen      Necr           0%         N/A       67%         3
 Ozocubu's Armour         Ice            0%         N/A       67%         3
 Manifold Assault         Tloc           0%         N/A       97%         4
 Olgreb's Toxic Radiance  Alch           0%         N/A       97%         4


Dungeon Overview and Level Annotations

Branches:
Dungeon (3/15)

Altars:

Annotations:
D:3 Grinder, Jessica


Innate Abilities, Weirdness & Mutations

You are a hulking beast.
Your limbs bulge with bestial killing power. (Slay +2)
You cannot wear most types of armour.
You are amphibious.
You can wear up to eight rings at the same time.
Your skin changes colour to match your surroundings (Stealth+).
Your rubbery body absorbs attacks. (AC +1, EV +1)
You are camouflaged when in or above water. (Stealth+)
You have tentacles for arms and can constrict up to eight enemies at once.


Message History

Found an escape hatch in the floor.
Jessica shouts!
You hear a shout!
Jessica casts a spell at you. You resist with some effort.
Grinder comes into view.
Grinder shouts!
Grinder blinks!
You enter the deep water.
Jessica closely misses you.
Grinder blinks!
You tentacle-slap Jessica. Your grab misses Jessica. You tentacle-slap Jessica.
Jessica is almost dead.
Jessica shouts, "You're disturbing me!
I'll have to kill you!" Jessica casts a spell at you.
Pain shoots through your body!
You take 13 damage, and have 22/35 hp.
MASSIVE DAMAGE!!
You closely miss Jessica. Your grab misses Jessica.
Jessica is almost dead.
Jessica hits you with a +0 dagger.
Grinder sighs, "No one appreciates my work."
You take 2 damage, and have 20/35 hp.
You tentacle-slap Jessica but do no damage.
Your grab misses Jessica. You squeeze Jessica, but do no damage.
Jessica is almost dead.
Jessica hits you but does no damage. Grinder gestures at you.
You suddenly lose the ability to move!
Jessica gestures at you while chanting. You resist with some effort.
Grinder gestures at you. Pain shoots through your body!
Jessica casts a spell at you.
You barely resist.
Grinder blinks!
Jessica hits you with a +0 dagger!
* * * LOW HITPOINT WARNING * * *
Jessica gestures wildly while chanting.
Jessica seems to speed up.
Jessica hits you with a +0 dagger.
* * * LOW HITPOINT WARNING * * *
Jessica hits you with a +0 dagger.
You die...

# ### # ##.......## # ###
#.###........^## . ..#
#.##....≈≈≈....# # #.#
#.##...≈≈≈≈≈...## # #.#
#.#...≈≈...≈≈...#
###.#####.#...≈≈.>.≈≈...#
..........#...≈≈.@.≈≈...#
##.#.####.##...≈h≈≈≈...#
..###.....##...5≈≈≈....#
.#.#.#####.##.........##
.##.## #.###.......##
.##># #.# ###...### ....#
#.# #...# .#### #.# #...#
.# #.######.## .#
#......#[.## ..


You could see Grinder and Jessica (fast).

Vanquished Creatures
  Ijyb (D:3)
  5 adders (D:2)
  3 dart slugs
  A ribbon worm (D:3)
  7 ball pythons
  6 bats
  6 endoplasms
  7 giant cockroaches
  4 goblins (D:1)
  7 hobgoblins
  3 jackals (D:1)
  2 frilled lizards
  6 kobolds
  6 rats
64 creatures vanquished.

Notes
Turn   | Place    | Note
-------+----------+-------------------------------------------
     0 | D:1      | Dirtsage the Octopode Shapeshifter began the quest for the
                  | Orb.
     0 | D:1      | Reached XP level 1. HP: 13/13 MP: 1/1
    57 | D:1      | Reached XP level 2. HP: 18/18 MP: 2/2
   216 | D:1      | Reached XP level 3. HP: 17/23 MP: 3/3
   783 | D:2      | Reached XP level 4. HP: 29/29 MP: 4/4
   835 | D:2      | Found a faded altar of an unknown god.
  1109 | D:2      | Reached skill level 4 in Shapeshifting
  1112 | D:2      | Reached XP level 5. HP: 18/34 MP: 5/5
  1847 | D:3      | Noticed Ijyb
  1858 | D:3      | Killed Ijyb
  1915 | D:3      | Noticed Jessica
  1919 | D:3      | Noticed Grinder
  1924 | D:3      | Paralysed by Grinder for 5 turns
  1929 | D:3      | Slain by Jessica

Illustrated notes

Levels and vault maps discovered:
D:1:      dpeg_arrival_radiant, layout_basic
D:2:      layout_loops_ring, shapermc_ecumenical_altar_ellora,
          nicolae_half_adder
D:3:      layout_loops_ring, tgw_sif, uniq_grinder, uniq_ijyb

Skill      XL: |  1  2  3  4  5 |
---------------+----------------+-----
Fighting       | 2 |  2.4
Shapeshifting  | 4 |  4.2
Dodging        | 3 |  3.1
Unarmed Combat | |  3.8

Action                     |  1- 3 |  4- 6 || total
---------------------------+-------+-------++-------
  Melee: Unarmed           |    51 |    70 ||   121
         Constrict         |    11 |    17 ||    28
         Tentacles         |     3 |    12 ||    15
         Punch             |       |     4 ||     4
   Stab: Sleeping          |     3 |    10 ||    13
 Armour: Skin              |    16 |    31 ||    47
  Dodge: Dodged            |    21 |    35 ||    56

Table legend: (Time is in decaauts)
 A = Elapsed time spent in this place.
 B = Non-inter-level travel time spent in this place.
 C = Inter-level travel time spent in this place.
 D = Time resting spent in this place.
 E = Time spent auto-exploring this place.
 F = Levels seen in this place.
 G = Mean time per level.
                   A        B        C        D        E       F      G
               +--------+--------+--------+--------+--------+-----+--------+
         Total |   1920 |   1840 |     80 |      0 |   1496 |   3 |  640.0 |
       Dungeon |   1920 |   1840 |     80 |      0 |   1496 |   3 |  640.0 |
               +--------+--------+--------+--------+--------+-----+--------+

Top non-repeatable levels by time:
     D:2: 779 daAuts
     D:1: 748 daAuts
     D:3: 393 daAuts
